Map: [ESL] Tropical Sacrifice

Players

ShoWTimE - Winner!

  • Race: Protoss Protoss
  • Spawn Location: 7:00

HeroMarine

  • Race: Terran Terran
  • Spawn Location: 1:00

Event: DreamHack SC2 Masters 2022 Atlanta (Offline)

VOD

Have the link to the VOD?

Description

Time

  • Played on: Nov. 18, 2022, 6:29 p.m.
  • Length: 25:43

All games in this series

Show
View Real Time Build Order
Export as new Build Order

ShoWTimE Protoss - Winner!

Build Orders: 1 Gate Expand, Oracle Opening, Phoenix Opening 

Get SALT Encoding   

  12  0:00  Probe  
  13  0:12  Probe  
  14  0:18  Pylon  
  14  0:24  Probe  
  15  0:36  Probe (Chrono Boost)  
  15  0:38  Gateway  
  16  0:45  Probe (Chrono Boost)  
  16  0:48  Assimilator  
  17  0:50  Probe (Chrono Boost)  
  18  1:03  Probe  
  19  1:15  Probe  
  20  1:25  Cybernetics Core  
  20  1:37  Nexus  
  20  1:40  Probe  
  20  1:46  Pylon  
  21  1:52  Probe  
  22  1:57  Assimilator  
  22  2:02  Adept (Chrono Boost)  
  22  2:04  Probe  
  24  2:16  Probe  
  24  2:19  Stargate  
  25  2:26  Adept (Chrono Boost)  
  25  2:28  Probe  
  28  2:35  Warp Gate  
  28  2:40  Probe  
  29  2:46  Adept (Chrono Boost)  
  29  2:49  Probe  
  32  2:52  Probe  
  32  2:55  Shield Battery  
  33  3:01  Probe  
  33  3:04  Probe  
  35  3:12  Oracle (Chrono Boost)  
  35  3:13  Probe  
  35  3:16  Probe  
  38  3:25  Probe  
  39  3:27  Pylon  
  39  3:29  Adept, Probe  
  42  3:37  Probe  
  42  3:40  Gateway  
  42  3:41  Probe  
  44  3:45  Phoenix  
  46  3:49  Probe  
  46  3:53  Gateway  
  46  3:55  Probe  
  48  4:02  Probe  
  49  4:04  Pylon  
  49  4:10  Phoenix (Chrono Boost)  
  49  4:15  Probe  
  49  4:16  Probe  
  53  4:19  Assimilator  
  53  4:23  Assimilator  
  53  4:27  Probe  
  53  4:28  Probe  
  53  4:29  Phoenix  
  57  4:34  Robotics Facility  
  57  4:35  Pylon  
  57  4:39  Probe  
  58  4:50  Nexus  
  58  4:54  Phoenix (Chrono Boost)  
  60  5:00  Shield Battery  
  60  5:05  Stalker  
  62  5:07  Probe x2  
  62  5:10  Stalker  
  62  5:13  Pylon  
  66  5:17  Stalker  
  66  5:20  Probe  
  70  5:21  Probe  
  70  5:27  Robotics Bay  
  70  5:38  Stalker x2  
  70  5:39  Probe  
  68  5:48  Phoenix  
  62  5:50  Stalker  
  58  5:58  Immortal (Chrono Boost)  
  58  6:00  Probe  
  58  6:02  Shield Battery, Stalker  
  63  6:06  Probe x2  
  63  6:09  Sentry  
  67  6:13  Probe  
  69  6:18  Probe x2  
  69  6:20  Twilight Council  
  70  6:25  Probe  
  70  6:29  Colossus (Chrono Boost)  
  70  6:30  Probe x2  
  79  6:36  Zealot x2  
  79  6:39  Zealot  
  85  6:43  Probe x3  
  88  6:50  Gateway  
  88  6:52  Charge (Chrono Boost)  
  88  6:54  Gateway  
  88  6:55  Probe x2  
  88  6:57  Extended Thermal Lance  
  90  7:01  Pylon  
  90  7:04  Probe  
  90  7:05  Phoenix  
  93  7:09  Pylon  
  93  7:13  Pylon  
  93  7:16  Pylon  
  93  7:19  Probe  
  96  7:23  Colossus (Chrono Boost)  
  96  7:28  Probe x2  
  102  7:33  Pylon  
  102  7:34  Assimilator  
  102  7:36  Forge  
  102  7:37  Zealot x2, Assimilator  
  102  7:38  Zealot  
  108  7:44  Probe x2  
  108  7:45  Probe  
  108  7:48  Zealot x2  
  115  7:55  Pylon  
  115  7:56  Gateway  
  115  7:58  Probe  
  115  8:00  Zealot x3  
  115  8:05  Colossus  
  122  8:09  Sentry  
  122  8:12  Pylon  
  128  8:14  Zealot  
  130  8:22  Phoenix  
  130  8:27  Protoss Ground Weapons Level 1 (Chrono Boost)  
  130  8:30  Zealot x3  
  136  8:38  Pylon  
  134  8:47  Zealot x2  
  127  8:55  Probe x2  
  125  9:02  Zealot x3  
  123  9:08  Zealot  
  123  9:09  Zealot x2  
  117  9:16  Probe x2  
  111  9:22  Colossus (Chrono Boost)  
  107  9:31  Nexus, Zealot x6  
  125  9:33  Probe  
  125  9:34  Probe x2  
  128  9:46  Pylon  
  128  9:48  Templar Archives  
  128  9:50  Photon Cannon  
  128  9:51  Zealot x2  
  132  9:59  Gateway  
  132  10:02  Gateway  
  132  10:04  Forge  
  132  10:07  Zealot  
  132  10:11  Observer (Chrono Boost)  
  135  10:15  Probe x3  
  135  10:17  Zealot  
  135  10:18  Zealot  
  142  10:24  Protoss Ground Armor Level 1 (Chrono Boost)  
  142  10:27  Probe  
  133  10:30  Probe  
  133  10:31  Probe  
  133  10:32  Protoss Ground Weapons Level 2 (Chrono Boost)  
  133  10:33  Shield Battery  
  133  10:34  High Templar x4  
  143  10:38  Archon  
  143  10:39  Archon, Probe  
  143  10:42  High Templar x2  
  146  10:46  Robotics Facility  
  146  10:47  Disruptor  
  146  10:49  Archon  
  151  10:59  Probe x3  
  152  11:09  Zealot x6  
  163  11:20  Photon Cannon  
  163  11:21  Shield Battery, Pylon  
  163  11:32  Photon Cannon  
  163  11:34  Shield Battery  
  163  11:36  Pylon x2  
  163  11:38  Pylon  
  163  11:39  Observer  
  164  11:40  Blink (Chrono Boost)  
  164  11:47  Pylon  
  164  11:49  Pylon  
  164  11:53  Disruptor  
  166  11:57  Zealot x4  
  166  11:58  Zealot x4  
  179  12:04  Disruptor  
  176  12:18  Stalker x3  
  176  12:19  Stalker x5  
  176  12:22  Protoss Ground Armor Level 2 (Chrono Boost)  
  188  12:29  Disruptor (Chrono Boost)  
  187  12:37  Disruptor (Chrono Boost)  
  188  12:44  Dark Shrine  
  188  12:50  Zealot x6  
  199  12:56  Disruptor (Chrono Boost)  
  200  13:02  Nexus  
  200  13:09  Protoss Ground Weapons Level 3 (Chrono Boost)  
  200  13:11  Zealot x4  
  200  13:22  Assimilator, Pylon  
  200  13:24  Assimilator  
  200  13:40  Photon Cannon  
  200  13:42  Shield Battery  
  200  13:43  Shield Battery  
  200  13:45  Photon Cannon  
  158  13:56  Disruptor x2 (Chrono Boost)  
  158  13:58  Zealot x8  
  172  14:06  Probe x2  
  172  14:07  Probe  
  172  14:08  Photon Cannon  
  175  14:12  Shadow Stride (Chrono Boost)  
  174  14:17  Gateway  
  174  14:18  Gateway, Stalker x3  
  174  14:23  Stalker x5  
  175  14:43  Pylon  
  175  14:45  Stalker x3  
  179  14:50  Pylon  
  177  14:53  Protoss Ground Armor Level 3 (Chrono Boost)  
  177  14:56  Observer (Chrono Boost)  
  177  14:59  Nexus  
  179  15:00  Pylon  
  179  15:03  Observer (Chrono Boost)  
  179  15:04  Dark Templar x5  
  188  15:09  Probe, Photon Cannon  
  189  15:18  Zealot x3  
  192  15:35  Stalker x2  
  189  15:36  Stalker x5  
  189  15:42  Dark Templar x3  
  179  15:50  Disruptor (Chrono Boost)  
  174  16:00  Disruptor (Chrono Boost)  
  171  16:04  Protoss Shields Level 1  
  171  16:08  Dark Templar x5  
  175  16:12  Dark Templar  
  175  16:17  Disruptor (Chrono Boost)  
  176  16:21  Dark Templar  
  179  16:29  Probe x3, Photon Cannon  
  179  16:30  Photon Cannon  
  178  16:32  Shield Battery  
  178  16:37  Stalker x2  
  180  16:51  Stalker x5  
  186  16:58  Archon x2  
  174  17:05  Dark Templar x2  
  174  17:06  Dark Templar x2  
  178  17:14  Dark Templar x2  
  180  17:15  Zealot x2  
  180  17:16  Zealot  
  186  17:29  Dark Templar  
  188  17:32  Probe x3  
  185  17:48  Zealot x5, Dark Templar x3  
  199  17:54  Disruptor  
  187  18:12  Zealot x3  
  187  18:13  Zealot x3  
  198  18:24  Protoss Shields Level 2 (Chrono Boost)  
  175  18:35  Disruptor x2 (Chrono Boost)  
  175  18:41  Stalker x4  
  173  18:42  Zealot x6  
  175  19:05  Disruptor (Chrono Boost)  
  175  19:06  Zealot x6  
  175  19:07  Zealot x4  
  186  19:15  Disruptor  
  169  19:20  Nexus  
  169  19:22  Zealot x3  
  173  19:28  Pylon  
  169  19:33  Zealot x3  
  169  19:34  Zealot x4  
  181  19:41  Gateway  
  181  19:45  Gateway  
  171  19:58  Zealot x10  
  137  20:15  Colossus x2 (Chrono Boost)  
  137  20:20  Zealot x2  
  139  20:33  Dark Templar x3  
  145  20:40  Zealot x2  
  145  20:41  Probe  
  150  20:46  Zealot x3  
  151  21:02  Stalker x4  
  159  21:09  Stalker x4  
  167  21:17  High Templar x2, Pylon  
  171  21:21  Archon  
  171  21:30  Stalker x4  
  179  21:32  Assimilator  
  179  21:34  Assimilator  
  179  21:39  Stalker x2  
  173  21:54  Zealot x8  
  173  22:01  Nexus  
  183  22:15  Dark Templar  
  177  22:27  Observer  
  173  22:30  Nexus  
  173  22:38  Pylon  
  173  22:46  Stalker x3  
  173  22:49  Nexus  
  173  22:50  Zealot  
  179  22:57  Zealot x5  
  179  22:58  Zealot  
  176  23:12  Zealot x4  
  171  23:33  Photon Cannon  
  160  23:44  Stalker x3  
  160  23:45  Stalker x5  
  172  23:57  Assimilator  
  172  23:59  Assimilator  
  169  24:08  Zealot x5  
  175  24:15  Zealot x4  
  181  24:24  Probe x3  
  180  24:35  Disruptor x2 (Chrono Boost)  
  150  24:48  Zealot x5  
  151  24:55  Zealot, Dark Templar x2  
  155  25:03  Disruptor  
  151  25:22  Nexus  
  151  25:31  Zealot x3  
Show
View Real Time Build Order
Export as new Build Order

HeroMarine Terran 

Build Orders:  

Get SALT Encoding   

  12  0:00  SCV  
  13  0:12  SCV  
  14  0:17  Supply Depot  
  14  0:24  SCV  
  15  0:39  SCV  
  15  0:40  Barracks  
  16  0:44  Refinery  
  16  0:51  SCV  
  16  0:54  Refinery  
  17  1:03  SCV  
  18  1:15  Supply Depot, SCV  
  19  1:27  Reaper  
  19  1:30  Orbital Command  
  20  1:43  Factory  
  20  1:56  SCV  
  20  1:59  Reaper  
  23  2:08  SCV  
  23  2:20  SCV  
  24  2:23  Command Center  
  24  2:29  Hellion  
  26  2:32  SCV  
  26  2:35  Barracks Reactor  
  27  2:39  Supply Depot  
  27  2:44  SCV  
  27  2:50  Starport  
  28  2:54  Widow Mine  
  28  2:56  SCV  
  31  3:09  SCV  
  32  3:15  Marine x2  
  34  3:20  Widow Mine  
  34  3:21  SCV  
  37  3:27  Medivac  
  39  3:34  SCV, Marine x2  
  39  3:37  Orbital Command  
  42  3:42  Factory Tech Lab  
  42  3:47  SCV  
  43  3:52  Marine x2  
  43  3:54  Supply Depot  
  45  3:59  SCV  
  45  4:01  Cyclone  
  49  4:04  SCV  
  49  4:08  Viking  
  51  4:11  SCV  
  51  4:14  Marine x2  
  51  4:16  SCV  
  55  4:20  Supply Depot  
  55  4:23  SCV  
  56  4:28  SCV  
  56  4:32  Supply Depot, Marine x2  
  56  4:35  SCV  
  62  4:43  Cyclone, Viking  
  62  4:44  SCV  
  65  4:47  SCV  
  65  4:51  Marine  
  65  4:52  Marine  
  68  5:00  Command Center  
  68  5:02  SCV x2  
  68  5:05  Supply Depot  
  70  5:09  Marine x2  
  72  5:14  SCV x2  
  72  5:19  Siege Tank  
  72  5:21  Starport Tech Lab  
  75  5:24  Barracks  
  75  5:26  SCV x2  
  77  5:29  Marine x2  
  78  5:38  SCV x2  
  73  5:46  Marine  
  73  5:47  Marine  
  69  5:50  SCV x2  
  69  5:51  Raven  
  69  5:53  Siege Tank  
  69  5:55  Barracks  
  72  6:02  Refinery  
  72  6:03  Engineering Bay  
  72  6:04  SCV x2, Marine x2  
  76  6:12  Barracks  
  76  6:14  Barracks Tech Lab  
  76  6:16  Orbital Command  
  76  6:17  Barracks  
  76  6:18  SCV  
  76  6:19  SCV, Refinery  
  76  6:22  Marine  
  76  6:23  Marine  
  77  6:30  SCV  
  77  6:31  SCV  
  82  6:36  Stimpack  
  82  6:37  Marine  
  83  6:40  Marine  
  83  6:41  Supply Depot, Marine  
  83  6:43  SCV x2, Terran Infantry Weapons Level 1  
  83  6:44  Starport Reactor  
  84  6:49  Orbital Command  
  87  6:54  Supply Depot, Marine  
  87  6:55  SCV x2, Marine  
  87  6:58  Marine x2  
  87  6:59  Combat Shield  
  93  7:07  SCV x2  
  92  7:10  Barracks Tech Lab  
  92  7:11  Supply Depot  
  92  7:12  Marine, Factory Reactor  
  92  7:14  Marauder  
  95  7:16  Marine x2  
  95  7:19  SCV x2  
  95  7:20  Marauder  
  101  7:24  SCV  
  101  7:26  Missile Turret  
  101  7:29  Medivac x2  
  107  7:31  SCV x2, Marauder  
  107  7:32  Concussive Shells  
  107  7:33  Marine  
  107  7:34  Marine  
  107  7:35  Marauder  
  107  7:36  SCV  
  115  7:37  Supply Depot, Barracks Reactor  
  115  7:38  Supply Depot  
  115  7:41  Marauder  
  115  7:43  Refinery, SCV x2  
  119  7:44  Refinery  
  119  7:48  SCV  
  119  7:49  Widow Mine x2  
  124  7:52  Supply Depot  
  124  7:55  Supply Depot  
  124  7:57  Supply Depot  
  125  7:59  Marauder  
  125  8:00  Marauder  
  125  8:02  Marauder  
  125  8:04  Engineering Bay  
  125  8:05  Medivac x2  
  132  8:06  Marine x2  
  136  8:16  Widow Mine x2  
  140  8:21  SCV x2, Marauder x2  
  140  8:22  SCV  
  140  8:24  Marauder  
  145  8:27  Marine x4  
  145  8:33  SCV x2  
  150  8:37  Widow Mine x2  
  150  8:39  SCV  
  155  8:41  Medivac  
  155  8:42  Marauder  
  155  8:43  Marauder  
  155  8:45  Marauder  
  163  8:49  SCV x2  
  163  8:54  SCV  
  165  9:00  Marine x2  
  165  9:01  Supply Depot x2  
  152  9:03  Marauder  
  152  9:04  Marauder  
  152  9:06  Armory, Marauder  
  139  9:10  Marine x2  
  139  9:13  Widow Mine x2  
  140  9:17  Command Center  
  140  9:19  Starport  
  140  9:20  Marine x2  
  135  9:25  SCV, Marauder  
  135  9:26  SCV x2, Marauder  
  135  9:28  Medivac  
  135  9:30  Marauder, Marine x2  
  141  9:38  Marine x2  
  138  9:46  Terran Infantry Armor Level 1, Marauder  
  138  9:47  Marauder  
  138  9:48  Marine  
  138  9:50  Bunker  
  138  9:51  Viking, Marauder  
  143  9:53  Marine  
  143  9:55  Terran Infantry Weapons Level 2  
  143  9:56  Marine  
  143  9:58  Viking  
  147  10:00  Supply Depot  
  147  10:04  Viking  
  147  10:05  Viking  
  151  10:07  Marauder  
  151  10:08  Marauder  
  151  10:11  Missile Turret  
  151  10:13  Marauder  
  157  10:14  Marine x2  
  157  10:15  Marine x2  
  157  10:16  SCV x2  
  160  10:29  Marauder  
  160  10:30  Marauder  
  160  10:32  Marine x3  
  160  10:33  Viking x2  
  160  10:35  Marauder  
  173  10:40  Medivac x2  
  177  10:45  Marine  
  177  10:49  Missile Turret  
  178  10:50  Marauder, Marine  
  178  10:51  SCV x3, Marauder  
  178  10:53  Missile Turret  
  178  10:55  Marine  
  178  10:56  Marauder, Marine  
  185  11:03  SCV x3  
  188  11:12  Marauder x2  
  188  11:14  Ghost Academy, Viking, Terran Ship Weapons Level 1  
  188  11:16  Viking  
  188  11:17  Medivac, Marauder  
  200  11:20  Planetary Fortress  
  200  11:34  Barracks x2  
  200  11:35  Refinery, Barracks  
  200  11:36  Sensor Tower  
  200  11:38  Refinery  
  200  11:53  Command Center  
  200  12:08  Marauder  
  200  12:14  Viking x2  
  200  12:15  Marauder  
  190  12:16  Terran Infantry Armor Level 2, Marauder, Marine x3  
  190  12:17  Terran Infantry Weapons Level 3  
  190  12:19  Command Center  
  195  12:26  Barracks Reactor, Barracks Tech Lab  
  195  12:27  Barracks Tech Lab  
  195  12:29  Ghost  
  195  12:30  Missile Turret  
  195  12:32  Missile Turret  
  195  12:34  Viking x2  
  195  12:36  Marine x2, Ghost  
  194  12:37  Marauder  
  194  12:53  Ghost x2  
  194  12:55  Enhanced Shockwaves  
  194  12:57  Missile Turret  
  200  12:58  Marauder  
  200  12:59  Command Center  
  196  13:07  Viking x2  
  200  13:16  Terran Ship Weapons Level 2  
  200  13:20  Command Center  
  200  13:32  Marauder x2, Marine  
  200  13:36  Orbital Command  
  200  13:47  Missile Turret x2  
  196  13:50  Marine  
  196  13:51  Marauder  
  196  13:52  Marauder, Marine x3, Ghost x2  
  196  13:53  Marine x2  
  196  13:54  Marauder  
  185  14:03  Fusion Core  
  185  14:04  Planetary Fortress  
  185  14:08  Marine  
  186  14:10  Marine  
  186  14:11  Ghost  
  186  14:13  Marauder  
  186  14:15  Liberator x2  
  186  14:16  Marauder  
  199  14:18  Orbital Command  
  199  14:26  Ghost  
  196  14:33  Ghost  
  196  14:34  Ghost  
  196  14:36  Marine  
  196  14:37  Marauder, Marine x2  
  189  14:38  Medivac  
  189  14:41  Marauder  
  189  14:42  Medivac  
  189  14:45  Marine x2  
  195  14:49  Orbital Command  
  195  14:53  Advanced Ballistics  
  195  14:54  Missile Turret  
  195  14:55  Marauder  
  195  14:58  Medivac  
  199  15:13  Command Center  
  199  15:14  Command Center, Missile Turret  
  198  15:35  Liberator x2  
  184  15:42  Marine  
  179  15:43  Liberator x2, Marauder x3  
  179  15:45  Marauder  
  179  15:46  Marauder  
  176  16:04  Marauder x2  
  176  16:05  Marauder, Marine  
  176  16:06  Marauder, Marine  
  180  16:17  Liberator, Orbital Command  
  180  16:18  Liberator, Refinery x2  
  182  16:25  Marauder  
  184  16:26  Liberator x2, Marauder  
  184  16:27  Marauder  
  194  16:38  Ghost  
  194  16:41  Marauder  
  194  16:43  Marine  
  194  16:44  Marine x2  
  194  16:46  Marauder  
  196  16:49  Marine x2  
  196  16:52  Marine  
  199  16:55  Marine, Orbital Command  
  198  17:14  Liberator x2  
  196  17:22  Liberator  
  199  17:24  Orbital Command  
  199  17:28  Marine  
  200  17:36  Marauder  
  200  17:37  Sensor Tower  
  200  17:43  Personal Cloaking  
  200  17:44  Ghost x2  
  195  17:46  Marauder  
  199  17:54  Marauder  
  190  18:08  Marauder  
  190  18:09  Marauder, Marine x2  
  190  18:10  Liberator x2  
  178  18:13  Marauder  
  178  18:14  Marauder, Marine x3  
  178  18:16  Liberator  
  178  18:17  Liberator  
  191  18:29  Marauder  
  191  18:31  Ghost  
  191  18:33  Marauder  
  181  18:36  Marauder  
  178  18:43  Ghost  
  178  18:44  Orbital Command  
  170  18:49  Marine x3  
  170  18:50  Marauder, Marine x2  
  170  18:52  Liberator  
  170  18:53  Liberator, Marine  
  170  18:54  Marauder  
  183  18:58  Marauder  
  183  18:59  Liberator x2  
  183  19:00  Marine  
  190  19:07  Marine x3  
  190  19:08  Marine x2  
  183  19:11  Marine x2  
  183  19:12  Marine  
  183  19:14  Orbital Command  
  183  19:15  Marine  
  170  19:18  Marine x2  
  163  19:25  Marine x3  
  163  19:26  Marine x2  
  163  19:29  Marauder, Marine  
  163  19:31  Marauder  
  173  19:33  Marauder  
  173  19:35  Liberator x2, Marine  
  179  19:42  Medivac  
  181  19:50  Marauder  
  181  19:51  Marauder, Marine x2  
  181  19:52  Marauder, Orbital Command  
  171  19:55  Liberator  
  171  19:57  Orbital Command, Marine  
  162  20:12  Liberator, Marine x2  
  135  20:15  Marine, Orbital Command  
  129  20:32  Marine  
  129  20:48  Liberator  
  132  20:55  Marauder  
  132  20:56  Marauder  
  128  20:58  Missile Turret  
  128  20:59  Marauder, Marine  
  128  21:02  Marine  
  132  21:06  Liberator  
  132  21:09  Ghost  
  137  21:14  Ghost  
  139  21:18  Sensor Tower  
  139  21:19  Marauder  
  139  21:20  Marauder  
  141  21:27  Marauder  
  141  21:28  Marine x2  
  145  21:34  Missile Turret  
  145  21:35  Liberator  
  145  21:37  Marine x2  
  145  21:39  Marauder  
  152  21:40  Marine  
  152  21:41  Marauder x2, Marine  
  152  21:44  Marauder  
  155  21:48  Marauder  
  142  22:00  Marauder  
  142  22:01  Orbital Command  
  143  22:02  Marauder x2  
  143  22:04  Marine x2  
  143  22:05  Marauder  
  143  22:06  Marine x2  
  143  22:08  Marine  
  150  22:09  Marauder, Marine  
  153  22:21  Marine  
  143  22:24  Marauder x2  
  145  22:42  Ghost  
  145  22:45  Marauder, Marine  
  145  22:46  Marine x2  
  145  22:47  Marauder  
  145  22:48  Marine x2  
  150  23:01  Marauder  
  150  23:04  Marauder  
  134  23:14  Marauder x2  
  134  23:15  SCV x2  
  134  23:17  SCV  
  140  23:22  Marauder  
  140  23:25  Marauder  
  138  23:45  Marauder x2  
  138  23:47  Marine x4  
  146  23:56  Marauder  
  146  24:02  Marine x3  
  137  24:10  SCV  
  137  24:11  SCV  
  132  24:21  SCV  
  133  24:27  SCV  
  118  24:43  Marine  
  118  24:44  Marine  
  113  24:46  Marine x2  
  113  24:48  Marine x3  
Tags
 
Add a new tag
Caveats
  • Supply blocks, unpowered buildings, or Contaminate may cause inaccurate times.
  • Supply counts are checked every 10 seconds.